 Dungeon Crawl Stone Soup version 0.28-a0-664-gc179e30c89 (webtiles) character file.

Game seed: 6048479773515251647

109 Drevant2 the Ruffian (level 4, 0/38 HPs)
             Began as a Naga Transmuter on Oct 16, 2021.
             Slain by an adder (3 damage)
             ... on level 2 of the Dungeon.
             The game lasted 00:05:24 (2710 turns).

Drevant2 the Ruffian (Naga Transmuter)              Turns: 2710, Time: 00:05:25

Health: 0/38       AC:  2    Str: 12 (13) XL:     4   Next: 89%
Magic:  6/7        EV:  9    Int: 12 (13) God:
Gold:   16         SH:  0    Dex:  9 (12) Spells: 3/7 levels left

rFire   . . .      SeeInvis +     - Unarmed
rCold   . . .      Faith    .   (no shield)
rNeg    . . .      Spirit   .   a - +0 robe
rPois   +          Reflect  .   (helmet currently unavailable)
rElec   .          Harm     .   (no cloak)
rCorr   .          Rampage  .   (no gloves)
Will    .....                   (no barding)
Stlth   ++........              (no amulet)
HPRegen 0.12/turn               (no ring)
MPRegen 0.10/turn               (no ring)

@: appendages (expiring), very slow
A: horns 2, AC +1, large, see invisible, deformed body, poison resistance,
slowness 2, spit poison 1, naga tail 1
a: Spit Poison, End Transformation


You were on level 2 of the Dungeon.
You had temporarily grown beastly horns.
You visited 1 branch of the dungeon, and saw 2 of its levels.

You collected 60 gold pieces.
You spent 44 gold pieces at shops.

Inventory:

Armour
 a - a +0 robe (worn)
Scrolls
 b - a scroll of identify {unknown}
 d - 2 scrolls of summoning {unknown}
 f - a scroll of noise {unknown}
 i - a scroll of vulnerability {unknown}
Potions
 e - a potion of cancellation {unknown}
 g - a potion of haste
 h - a potion of invisibility {unknown}


   Skills:
 - Level 1.0 Fighting
 - Level 1.5 Dodging
 + Level 3.1 Stealth
 + Level 3.7 Unarmed Combat
 - Level 2.0 Spellcasting
 * Level 3.7 Transmutations


You had 3 spell levels left.
You knew the following spells:

 Your Spells              Type           Power      Damage    Failure   Level
a - Beastly Appendage     Tmut           20%        N/A       6%          1
b - Spider Form           Tmut/Pois      2%         N/A       36%         3

Your spell library contained the following spells:

 Spells                   Type           Power      Damage    Failure   Level
 Wereblood                Tmut           10%        N/A       9%          2
 Ice Form                 Ice/Tmut       5%         N/A       77%         4


Dungeon Overview and Level Annotations

Branches:
Dungeon (2/15)

Altars:

Shops:
D:1 ![!!   D:2 (


Innate Abilities, Weirdness & Mutations

You have temporarily grown beastly horns.
Your serpentine skin is tough. (AC +1)
You have supernaturally acute eyesight. (SInv)
Armour fits poorly on your strangely shaped body.
Your system is resistant to poisons. (rPois)
You cover ground very slowly.
You can spit poison.
You have a snake-like lower body.


Message History

You are poisoned.
The adder poisons you! The adder bites you.
You closely miss the adder.
You feel sick. The adder barely misses you.
You hit the adder.
The adder is moderately wounded.
You feel sick. The adder bites you.
* * * LOW HITPOINT WARNING * * *
Casting: Beastly Appendage (safe; 5% risk of failure)
Confirm with . or Enter, or press ? or * to list all spells.
You extend your transformation's duration.
You feel sick. The adder barely misses you. The adder bites you.
* * * LOW HITPOINT WARNING * * *
You are too injured to fight recklessly!
You are too injured to fight recklessly!
You are too injured to fight recklessly!
You barely miss the adder.
The adder is moderately wounded.
You feel sick. The adder bites you.
* * * LOW HITPOINT WARNING * * *
You barely miss the adder. Your headbutt misses the adder.
The adder is moderately wounded.
You feel sick. The adder closely misses you.
You barely miss the adder.
The adder is moderately wounded.
You feel sick. The adder barely misses you.
You miss the adder. Your headbutt misses the adder.
The adder is moderately wounded.
You feel sick.
You are no longer poisoned.
The adder closely misses you.
You barely miss the adder.
The adder is moderately wounded.
The adder bites you.
* * * LOW HITPOINT WARNING * * *
It was a potion of degeneration.
There was something very wrong with that liquid.
You feel weakened.
You feel dopey.
You feel clumsy.
Your transformation is almost over.
The adder bites you.
You die...

# #.# #.# # #.#
#.######### # #.#
#.........# #
#.############.# #
#.......# #.# #
#######.# #.#
#########.######.#
..............##.#
########.####.##@#
........>...#.##S#
#.#########.#.##.#
#.##........#.##.#
#.##.########.##.#
#.##.#####....##.#
#.##.....#.#####.#
#.######.#.# ...
#.# #.#.#


You could see an adder.

Vanquished Creatures
  2 orc priests (D:2)
  2 worms (D:2)
  A dart slug (D:1)
  3 orcs (D:2)
  6 bats
  3 endoplasms (D:1)
  A giant cockroach (D:1)
  4 goblins
  5 hobgoblins
  2 kobolds (D:1)
  A quokka (D:1)
  6 ball pythons
  A frilled lizard (D:1)
  A rat (D:2)
38 creatures vanquished.

Notes
Turn   | Place    | Note
-------+----------+-------------------------------------------
     0 | D:1      | Drevant2 the Naga Transmuter began the quest for the Orb.
     0 | D:1      | Reached XP level 1. HP: 18/18 MP: 3/3
    40 | D:1      | Found a faded altar of an unknown god.
   476 | D:1      | Reached skill level 1 in Stealth
   476 | D:1      | Reached XP level 2. HP: 24/25 MP: 3/5
   500 | D:1      | Found Veodwaida's Distillery.
   540 | D:1      | Found Aqedemy's Armour Emporium.
  1351 | D:1      | Found Lelyeguist's Jewellery Emporium.
  1397 | D:1      | Found Zale's Distillery.
  1420 | D:1      | Found Poeluq's Distillery.
  1569 | D:1      | Bought a potion of might for 44 gold pieces
  1611 | D:1      | Reached XP level 3. HP: 28/31 MP: 4/6
  2177 | D:2      | Found Furatohi's Antique Weapon Shop.
  2241 | D:2      | Reached XP level 4. HP: 20/38 MP: 5/7
  2440 | D:2      | Learned a level 3 spell: Spider Form
  2710 | D:2      | Slain by an adder

Illustrated notes

Levels and vault maps discovered:
D:1:      scummos_arrival_forest, layout_basic, serial_shops, shop,
          shop_fountains, shop_statue, shop_fountains, shop,
          ebering_ecumenical_altar_abandoned, serial_park_tiny_pond,
          minmay_misc_feat_secret_circle, minivault_19
D:2:      layout_basic, serial_shops, shop

Skill      XL: |  1  2  3  4 |
---------------+-------------+-----
Stealth        | 1 2 3 |  3.1
Transmutations | 3 |  3.7
Fighting       | |  1.0
Dodging        | |  1.5
Unarmed Combat | |  3.7
Spellcasting   | |  2.0

Action                   |  1- 3 |  4- 6 || total
-------------------------+-------+-------++-------
Melee: Unarmed           |   111 |    40 ||   151
       Headbutt          |     8 |     3 ||    11
       Punch             |       |     1 ||     1
 Cast: Beastly Appendage |    14 |     4 ||    18
  Use: Potion            |       |     5 ||     5
 Stab: Sleeping          |     2 |     1 ||     3
Armor: Robe              |    47 |     3 ||    50
       Skin              |       |     3 ||     3
Dodge: Dodged            |    71 |    17 ||    88

Table legend: (Time is in decaauts)
 A = Elapsed time spent in this place.
 B = Non-inter-level travel time spent in this place.
 C = Inter-level travel time spent in this place.
 D = Time resting spent in this place.
 E = Time spent auto-exploring this place.
 F = Levels seen in this place.
 G = Mean time per level.
                   A        B        C        D        E       F      G
               +--------+--------+--------+--------+--------+-----+--------+
         Total |   3085 |   2990 |     95 |   1129 |   1418 |   2 | 1542.5 |
       Dungeon |   3085 |   2990 |     95 |   1129 |   1418 |   2 | 1542.5 |
               +--------+--------+--------+--------+--------+-----+--------+

Top non-repeatable levels by time:
     D:1: 2360 daAuts
     D:2: 725 daAuts
